 Dungeon Crawl Stone Soup version 0.19-a0-1238-gee6bd96 (webtiles) character file.

8612 Duffy the Cruncher (level 11, 63/63 HPs)
             Began as a Vine Stalker Gladiator on Aug 26, 2016.
             Was a Priest of Makhleb.
             Quit the game on level 4 of the Dungeon.
             The game lasted 00:16:01 (10255 turns).

Duffy the Cruncher (Vine Stalker Gladiator)        Turns: 10255, Time: 00:16:01

Health: 63/63      AC: 18    Str: 20    XL:     11   Next: 33%
Magic:  12/12      EV:  7    Int:  8    God:    Makhleb [***...]
Gold:   616        SH:  0    Dex: 21    Spells: 0 memorised, 10 levels left

rFire  . . .     SeeInvis .     b - +4 quarterstaff (chaos)
rCold  + . .     Gourm    .     k - +0 plate armour
rNeg   . . .     Faith    +     (shield currently unavailable)
rPois  +         Spirit   +     G - +0 helmet
rElec  .         Dismiss  .     i - +1 cloak {rPois}
rCorr  .         Reflect  .     A - +0 pair of gloves
MR     +....     Harm     .     E - +0 pair of boots
Stlth  ..........               B - amulet of faith
                                D - ring of protection from cold
                                w - +3 ring of strength

@: no status effects
A: fangs 3, thin skeletal structure 1, mutation resistance 1, regeneration 1,
screaming 1, magic shield, antimagic bite, no device heal 3, rot immunity
a: Minor Destruction, Lesser Servant of Makhleb, Renounce Religion


You were on level 4 of the Dungeon.
You worshipped Makhleb.
Makhleb was most pleased with you.
You were not hungry.

You visited 2 branches of the dungeon, and saw 11 of its levels.

You collected 616 gold pieces.

Inventory:

Hand Weapons
 a - a +0 quarterstaff
 b - a +4 quarterstaff of chaos (weapon)
 c - a +0 blowgun
Missiles
 d - 7 throwing nets (quivered)
 t - 3 curare-tipped needles
Armour
 i - a +1 cloak of poison resistance (worn)
 k - a +0 plate armour (worn)
 A - a +0 pair of gloves (worn)
 E - a +0 pair of boots (worn)
 G - a +0 helmet (worn)
Magical Staves
 K - an uncursed staff of earth {unknown}
Jewellery
 w - a +3 ring of strength (left hand)
 B - an amulet of faith (around neck)
 D - a ring of protection from cold (right hand)
Wands
 p - a wand of acid (15/15)
 F - a wand of lightning (8/15)
 L - a wand of polymorph (9/24)
Scrolls
 j - a scroll of magic mapping {unknown}
 n - 2 scrolls of fear {unknown}
 q - 7 scrolls of remove curse
 r - 2 scrolls of blinking
 s - 4 scrolls of teleportation
 y - 2 scrolls of recharging
 C - 2 scrolls of enchant armour {unknown}
 H - a scroll of vulnerability {unknown}
 J - a scroll of identify
Potions
 e - 2 potions of lignification
 g - 3 potions of haste
 m - 4 potions of resistance
 o - 4 potions of flight
 v - 3 potions of curing
 x - a potion of ambrosia
 I - a potion of agility
Comestibles
 f - 9 bread rations
 h - 13 beef jerkies
 l - 8 meat rations


   Skills:
 + Level 9.9 Fighting
 + Level 11.5 Staves
 - Level 1.7 Throwing
 - Level 4.8 Armour
 - Level 2.4 Dodging


You had 10 spell levels left.
You didn't know any spells.

Dungeon Overview and Level Annotations

Branches:
Dungeon (10/15)            Temple (1/1) D:7            Lair (0/6) D:10
    Orc (0/2) D:10

Altars:
Ashenzari
Cheibriados
Dithmenos
Elyvilon
Fedhas
Gozag
Hepliaklqana
Kikubaaqudgha
Makhleb
Nemelex Xobeh
Okawaru
Qazlal
Ru
Sif Muna
Trog
Uskayaw
Vehumet
Xom
Yredelemnul
Zin
The Shining One
Beogh

Shops:
D:8 =   D:9 *


Innate Abilities, Weirdness & Mutations

You have razor-sharp teeth.
Your natural rate of healing is unusually fast.
When hurt, damage is shared between your health and your magic reserves.
Your bite disrupts and absorbs the magic of your enemies.
Potions and wands cannot restore your health.
You are immune to rotting.
You have a somewhat thin skeletal structure. (Dex +2, Stealth)
You are somewhat resistant to further mutation.
You occasionally shout uncontrollably at your foes.


Message History

You see here a flail.
You see here a potion of mutation.
u - a potion of mutation Search for what [Enter for "mut", or ? for help]?
You are feeling hungry.
(D) Dungeon (T) Temple (L) Lair (O) Orcish Mines
Where to? (* - list waypoints, Enter - D:4 @ (x,y), ? - help)
There is a stone staircase leading up here.
You climb upwards.
There is a stone staircase leading down here.
You see here a flail.
Things that are here:
2 scrolls of amnesia; a potion of mutation; 2 potions of heal wounds You start eating the slice of pizza.
Yeuchh!
Anchovies.
u - 2 potions of mutation (gained 1)
You feel extremely strange.
You feel extremely strange.
Done exploring.
Are you sure you want to abandon this character and quit the game? (Confirm with "yes".)

#.....>....#.## #
#..#######.#.# #
#..# #.#.# # #..#
##.#.# # #..#
###....#####
#..####...........
#.......#.........
#.########.######.
#@# #.# #. #.# #.#
#. #.########.#
##. #..........#
#.. ############
##. #. #. #. #.


There were no monsters in sight!

Vanquished Creatures
  The ghost of JustSomeDude the Shield-Bearer, a novice DsFi of Yredelemnul (D:5)
  A komodo dragon (D:10)
  4 trolls (D:10)
  Prince Ribbit (D:6)
  Sigmund (D:2)
  10 yaks
  2 hungry ghosts
  2 wyverns
  Grum (D:8)
  2 water moccasins
  A swamp drake (D:10)
  An eye of draining (D:7)
  2 black bears
  A phantom (D:5)
  A sky beast (D:8)
  4 ogres
  4 wolves (D:7)
  3 centaurs
  5 giant frogs
  A wyvern zombie (D:10)
  A scorpion (D:3)
  11 killer bees
  14 wights
  3 crimson imps
  2 jellies (D:10)
  6 hounds
  A gnoll shaman (D:4)
  9 orc priests
  Crazy Yiuf (D:6)
  A centaur skeleton (D:7)
  3 giant frog skeletons
  2 iguanas
  Jessica (D:2)
  Terence (D:3)
  4 worker ants
  9 orc wizards
  A killer bee zombie (D:6)
  A hound skeleton (D:8)
  A hound zombie (D:8)
  Robin (D:2)
  5 gnolls
  6 adders
  An adder zombie (D:9)
  An adder skeleton (D:8)
  9 worms
  2 dart slugs
  5 giant geckos
  30 orcs
  8 bats
  5 giant cockroaches
  13 goblins
  12 hobgoblins
  4 jackals (D:3)
  3 quokkas
  3 ball pythons
  3 giant newts
  15 kobolds
  7 rats
  A plant (D:10)
254 creatures vanquished.

Vanquished Creatures (others)
  A plant (D:10)
1 creature vanquished.

Grand Total: 255 creatures vanquished

Notes
Turn   | Place    | Note
-------+----------+-------------------------------------------
     0 | D:1      | Duffy the Vine Stalker Gladiator began the quest for the Orb.
     0 | D:1      | Reached XP level 1. HP: 11/11 MP: 2/2
    76 | D:1      | Reached XP level 2. HP: 5/15 MP: 1/3
   338 | D:1      | Reached skill level 3 in Staves
   848 | D:1      | Reached XP level 3. HP: 18/19 MP: 4/4
  1267 | D:2      | Noticed Jessica
  1277 | D:2      | Killed Jessica
  1277 | D:2      | Gained mutation: Your natural rate of healing is unusually fast. [Vine Stalker growth]
  1277 | D:2      | Reached XP level 4. HP: 24/24 MP: 5/5
  1364 | D:2      | Noticed Robin
  1373 | D:2      | Killed Robin
  1473 | D:2      | Noticed Sigmund
  1491 | D:2      | Killed Sigmund
  1491 | D:2      | Reached skill level 4 in Staves
  1491 | D:2      | Reached XP level 5. HP: 24/29 MP: 6/6
  1491 | D:2      | Reached XP level 6. HP: 27/33 MP: 7/7
  1964 | D:3      | Found a faded altar of an unknown god.
  2014 | D:3      | Found a roughly hewn altar of Beogh.
  2067 | D:3      | Reached skill level 5 in Staves
  2067 | D:3      | Reached skill level 1 in Armour
  2178 | D:3      | Noticed Terence
  2187 | D:3      | Killed Terence
  2232 | D:3      | Reached XP level 7. HP: 37/37 MP: 8/8
  3409 | D:4      | Found a shadowy altar of Dithmenos.
  3586 | D:3      | Reached skill level 6 in Staves
  3616 | D:4      | Reached skill level 5 in Fighting
  3768 | D:5      | Entered Level 5 of the Dungeon
  3802 | D:5      | Noticed JustSomeDude's ghost (novice DsFi)
  3970 | D:5      | Gained mutation: You have razor-sharp teeth. [Vine Stalker growth]
  3970 | D:5      | Reached XP level 8. HP: 39/43 MP: 7/9
  5048 | D:5      | Reached skill level 7 in Staves
  5447 | D:6      | Found a runed door.
  5451 | D:6      | Noticed Crazy Yiuf
  5456 | D:6      | Killed Crazy Yiuf
  5764 | D:6      | Noticed Prince Ribbit
  5787 | D:6      | Killed Prince Ribbit
  5787 | D:6      | Reached XP level 9. HP: 38/47 MP: 10/10
  6368 | D:6      | Reached skill level 8 in Staves
  6755 | D:7      | Found a staircase to the Ecumenical Temple.
  6764 | Temple   | Entered the Ecumenical Temple
  6945 | Temple   | Became a worshipper of Makhleb the Destroyer
  7420 | D:8      | Found Doklix's Jewellery Shop.
  7420 | D:8      | Noticed Grum
  7445 | D:7      | Reached skill level 9 in Staves
  7510 | D:8      | Killed Grum
  7710 | D:8      | Reached XP level 10. HP: 52/55 MP: 11/11
  7755 | D:8      | Reached * piety under Makhleb
  7985 | D:8      | Reached skill level 10 in Staves
  7992 | D:8      | Gained mutation: You have a somewhat thin skeletal structure. (Dex +2, Stealth) [mutagenic meat]
  7995 | D:8      | Gained mutation: You are somewhat resistant to further mutation. [mutagenic meat]
  8001 | D:8      | Gained mutation: You occasionally shout uncontrollably at your foes. [mutagenic meat]
  8456 | D:5      | Killed JustSomeDude's ghost
  8613 | D:9      | Reached ** piety under Makhleb
  8881 | D:8      | Found a white marble altar of Elyvilon.
  8940 | D:9      | Found Bishi's General Store.
  9230 | D:10     | Entered Level 10 of the Dungeon
  9375 | D:10     | Reached skill level 11 in Staves
  9375 | D:10     | Reached XP level 11. HP: 62/62 MP: 12/12
  9460 | D:10     | Found a staircase to the Orcish Mines.
  9717 | D:10     | Found a staircase to the Lair.
  9801 | D:10     | Reached *** piety under Makhleb
 10255 | D:4      | Quit the game

Vault maps used:
D:1:      dpeg_arrival_rhombus
D:2:      kennysheep_minor_cross, uniq_robin, uniq_jessica, uniq_sigmund
D:3:      ecumenical_altar_2, first_bread, kennysheep_orc_chapel, uniq_terence
D:4:      grunt_ministairs_10, nicolae_dithmenos_through_a_glass_darkly
D:6:      st_stairs_12, solitary_fountain, uniq_crazy_yiuf_cottage,
          uniq_prince_ribbit1
D:7:      grunt_ogre_cave, grunt_potential
D:8:      lemuel_upstairs_altar, serial_shops, shop, uniq_grum
D:9:      serial_shops, nicolae_shop_waterfront
D:10:     david_lair_shrubbed, small_statue_intersection
Temple:   minmay_crystal_snake_temple

Skill      XL: |  1  2  3  4  5  6  7  8  9 10 |
---------------+-------------------------------+-----
Fighting       | 2 3 4 5 7 9 |  9.9
Staves         | 3 4 5 6 7 9 11 | 11.5
Armour         | 1 2 4 |  4.8
Throwing       | |  1.7
Dodging        | |  2.4

Action                   |  1- 3 |  4- 6 |  7- 9 | 10-12 || total
-------------------------+-------+-------+-------+-------++-------
Melee: Quarterstaff      |    89 |   154 |   332 |   220 ||   795
       Bite              |    20 |    41 |   124 |    86 ||   271
 Fire: Blowgun           |       |       |     1 |       ||     1
  Use: Scroll            |       |       |    16 |     2 ||    18
       Potion            |       |       |       |     3 ||     3
 Stab: Sleeping          |     2 |       |       |       ||     2
       Paralysed         |       |       |     1 |     1 ||     2
       Confused          |       |       |       |     1 ||     1
  Eat: Chunk             |     1 |     4 |    17 |    15 ||    37
       Pizza             |       |       |       |     1 ||     1
Armor: Leather armour    |    21 |       |       |       ||    21
       Plate armour      |    29 |    71 |   188 |   122 ||   410
Dodge: Dodged            |    46 |    30 |   108 |    63 ||   247
